 Dungeon Crawl Stone Soup version 0.26.1-2-gb8aa6d0cf2 (webtiles) character file.

Game seed: 9381707208209196984

524 H0rd4k the Cutter (level 7, 0/51 HPs)
             Began as a Human Artificer on Mar 29, 2021.
             Succumbed to an adder's poison
             ... on level 4 of the Dungeon.
             The game lasted 00:06:24 (5613 turns).

H0rd4k the Cutter (Human Artificer)                 Turns: 5613, Time: 00:06:25

Health: 0/51       AC:  5    Str: 14 (15) XL:     7   Next: 46%
Magic:  7/7        EV: 12    Int:  8 (11) God:
Gold:   203        SH:  5    Dex: 11 (13) Spells: 6/6 levels left

rFire    + . .     SeeInvis .   g - +0 dagger (venom)
rCold    + . .     Faith    .   (no shield)
rNeg     . . .     Spirit   .   b - +0 leather armour
rPois    +         Reflect  +   s - +1 helmet
rElec    +         Harm     .   (no cloak)
rCorr    +         Rampage  .   (no gloves)
Will     .....                  (no boots)
Stlth    ++........             o - amulet of reflection
HPRegen  0.17/turn              (no ring)
MPRegen  0.10/turn              (no ring)

@: lethally poisoned (0 -> -1), resistant, berserk cooldown, flying (expiring),
slowed, very slow
A: no striking features
a: no special abilities


You were on level 4 of the Dungeon.
You visited 1 branch of the dungeon, and saw 4 of its levels.

You collected 203 gold pieces.

Inventory:

Hand Weapons
 a - a +0 club
 g - a +0 dagger of venom (weapon)
 y - a +2 falchion of holy wrath
Armour
 b - a +0 leather armour (worn)
 s - a +1 helmet (worn)
Jewellery
 m - a +6 ring of strength {unknown}
 o - an amulet of reflection (around neck)
 q - an uncursed ring of flight {unknown}
 t - a cursed amulet of inaccuracy {unknown}
 u - an uncursed ring of fire {unknown}
 x - an uncursed ring of stealth {unknown}
Wands
 c - a wand of flame (15) (quivered)
 d - a wand of enslavement (12)
 e - a wand of random effects (15)
Scrolls
 f - 5 scrolls of identify {unknown}
 h - a scroll of remove curse {unknown}
 i - 2 scrolls of teleportation {unknown}
 j - 4 scrolls of blinking {unknown}
 l - a scroll of magic mapping {unknown}
 v - a scroll of amnesia {unknown}
Potions
 n - a potion of invisibility
 w - 2 potions of flight


   Skills:
 + Level 2.5 Fighting
 + Level 4.0 Short Blades
 + Level 3.4 Armour
 + Level 3.1 Dodging
 + Level 2.4 Stealth
 + Level 3.9 Evocations


You had 6 spell levels left.
You didn't know any spells.
Your spell library was empty.

Dungeon Overview and Level Annotations

Branches:
Dungeon (4/15)
 Temple: D:4-7

Altars:
Okawaru
Trog

Shops:
D:4 (

Annotations:
D:4 2 runed translucent doors, Sackgasse's ghost, amateur MiBe


Message History

Unknown command.
You start putting on your amulet.
You continue putting on your thick emerald amulet.
Keep equipping yourself?
* * * LOW HITPOINT WARNING * * *
You feel sick.
You continue putting on your thick emerald amulet. x2
* * * LOW HITPOINT WARNING * * *
You feel sick.
You continue putting on your thick emerald amulet. x2
* * * LOW HITPOINT WARNING * * *
You feel sick.
You finish putting on your uncursed amulet of reflection.
You feel a shielding aura gather around you.
o - an amulet of reflection (around neck)
You start removing your amulet.
You continue taking off your amulet of reflection. x2
You are starting to lose your buoyancy.
Keep disrobing?
You die...

#≈# #.......# ##≈##
##.$....# #≈†≈#
#......# #≈≈≈#
#.....## ##†######
##.....# #
#.#....###......#
#.###.............o.#
#...###............##
#....@.............#
#...........#########
#.#.####........#
#..#. #####...... #.
## ####.. . # #.


There were no monsters in sight!

Vanquished Creatures
  An ogre (D:3)
  A hound (D:4)
  3 orc wizards
  2 worker ants (D:4)
  Robin (D:2)
  3 gnolls
  12 adders
  An ooze (D:4)
  6 worms
  A dart slug (D:3)
  5 leopard geckos
  6 orcs
  5 giant cockroaches
  16 goblins
  12 hobgoblins
  3 jackals
  3 quokkas
  3 ball pythons
  9 bats
  4 frilled lizards
  11 kobolds
  9 rats
117 creatures vanquished.

Vanquished Creatures (others)
  An orc (D:4)
  8 toadstools (D:4)
9 creatures vanquished.

Grand Total: 126 creatures vanquished

Notes
Turn   | Place    | Note
-------+----------+-------------------------------------------
     0 | D:1      | H0rd4k the Human Artificer began the quest for the Orb.
     0 | D:1      | Reached XP level 1. HP: 15/15 MP: 1/1
   463 | D:1      | Reached XP level 2. HP: 19/21 MP: 2/2
  1220 | D:1      | Reached XP level 3. HP: 24/26 MP: 3/3
  1695 | D:2      | Reached skill level 1 in Short Blades
  1695 | D:2      | Reached XP level 4. HP: 20/32 MP: 4/4
  2595 | D:2      | Noticed Robin
  2610 | D:2      | Killed Robin
  2642 | D:2      | Reached XP level 5. HP: 14/37 MP: 5/5
  2911 | D:2      | Found a faded altar of an unknown god.
  3300 | D:2      | Reached skill level 2 in Short Blades
  3789 | D:3      | Reached XP level 6. HP: 39/44 MP: 6/6
  4044 | D:3      | Found a bloodstained altar of Trog.
  4212 | D:3      | Noticed an ogre
  4217 | D:3      | HP: 1/44 [ogre/+0 giant club (22)]
  4227 | D:3      | Killed an ogre
  4228 | D:3      | Reached skill level 3 in Short Blades
  5394 | D:4      | Reached XP level 7. HP: 46/50 MP: 7/7
  5397 | D:4      | Found Yliac's Weapon Boutique.
  5411 | D:4      | Found a large runed translucent door.
  5418 | D:4      | Found a large runed translucent door.
  5421 | D:4      | Noticed Sackgasse's ghost (amateur MiBe)
  5492 | D:4      | Found an iron altar of Okawaru.
  5577 | D:4      | Reached skill level 4 in Short Blades
  5605 | D:4      | HP: 2/51 [poisoned by an adder]
  5610 | D:4      | HP: 1/51 [poisoned by an adder]
  5613 | D:4      | Succumbed to an adder's poison

Illustrated notes

Levels and vault maps discovered:
D:1:      dpeg_arrival_subterranean_lakeside_camping, layout_basic
D:2:      layout_rooms, chequers_ecumenical_altar_simple_redux, st_stairs_1,
          minmay_octomino_c4, uniq_robin
D:3:      layout_basic, minmay_misc_feat_roman, lemuel_tele_altar
D:4:      cheibrodos_fertilizer, layout_cave_pods, okawaru_gym_becter,
          ebering_ghost_disaster_area, gup_sewer_entry_bubbles, serial_shops,
          shop_fountains, uniq_pikel

Skill      XL: |  1  2  3  4  5  6  7 |
---------------+----------------------+-----
Short Blades   | 1 2 3 4 |  4.0
Dodging        | 2 3 |  3.1
Armour         | 3 |  3.4
Fighting       | 2 |  2.5
Stealth        | 2 |  2.4
Evocations     | |  3.9

Action                   |  1- 3 |  4- 6 |  7- 9 || total
-------------------------+-------+-------+-------++-------
Melee: Dagger            |   109 |   340 |    81 ||   530
       Club              |     2 |       |       ||     2
Evoke: Wand              |       |       |     3 ||     3
  Use: Potion            |     2 |       |     4 ||     6
 Stab: Sleeping          |     2 |     3 |       ||     5
       Invisible         |     1 |       |       ||     1
Armor: Leather armour    |    31 |    67 |    11 ||   109
Dodge: Dodged            |    91 |   203 |    42 ||   336
